 Dungeon Crawl Stone Soup version 0.27-a0-695-gb4952372f7 (webtiles) character file.

Game seed: 9337633870820969135

110 harryhousin the Skirmisher (level 4, -2/50 HPs)
             Began as an Ogre Berserker on Mar 21, 2021.
             Was a Believer of Trog.
             Slain by Natasha (8 damage)
             ... on level 2 of the Dungeon.
             The game lasted 00:04:48 (2006 turns).

harryhousin the Skirmisher (Ogre Berserker)         Turns: 2006, Time: 00:04:50

Health: -2/50      AC:  3    Str: 22    XL:     4   Next: 91%
Magic:  4/4        EV: 10    Int:  8    God:    Trog [**....]
Gold:   61         SH:  0    Dex:  8    Spells: 3/3 levels left

rFire    . . .     SeeInvis .   a - +0 hand axe
rCold    . . .     Faith    .   (no shield)
rNeg     . . .     Spirit   .   b - +0 animal skin
rPois    .         Reflect  .   (helmet restricted)
rElec    .         Harm     .   (no cloak)
rCorr    .         Rampage  .   (gloves unavailable)
Will     .....                  (boots unavailable)
Stlth    +.........             (no amulet)
HPRegen  0.16/turn              (no ring)
MPRegen  0.09/turn              (no ring)

@: slowed, very slow
A: large, unfitting armour, tough skin 1
a: Renounce Religion, Berserk, Trog's Hand


You were on level 2 of the Dungeon.
You worshipped Trog.
Trog was pleased with you.
You visited 1 branch of the dungeon, and saw 2 of its levels.

You collected 61 gold pieces.

Inventory:

Hand Weapons
 a - a +0 hand axe (weapon)
Armour
 b - a +0 animal skin (worn)
Scrolls
 c - a scroll of immolation {unknown}
 d - a scroll of holy word {unknown}
 e - a scroll of noise {unknown}
 f - a scroll of identify {unknown}
 g - 2 scrolls of vulnerability {unknown}
Potions
 i - a potion of cancellation {unknown}


   Skills:
 + Level 5.1 Fighting
 + Level 4.2 Axes
 + Level 3.3 Dodging
 + Level 0.2 Stealth


You had 3 spell levels left.
You didn't know any spells.
Your spell library was empty.

Dungeon Overview and Level Annotations

Branches:
Dungeon (2/15)

Altars:

Shops:
D:2 (

Annotations:
D:2 Natasha


Innate Abilities, Weirdness & Mutations

You are too large for most types of armour.
You have tough skin. (AC +1)


Message History

You are too injured to fight recklessly!
You are too injured to fight recklessly!
You are too injured to fight recklessly!
You are too injured to fight recklessly!
You are too injured to fight recklessly!
You are too injured to fight recklessly!
You hit Natasha.
Natasha is lightly wounded.
Natasha claws you.
* * * LOW HITPOINT WARNING * * *
You slash Natasha!
Natasha is severely wounded.
Natasha wildly gestures.
Natasha shimmers violently.
Natasha casts a spell at you. The magic dart hits you.
* * * LOW HITPOINT WARNING * * *
Natasha barely misses you.
You hit Natasha.
Natasha is almost dead.
Natasha casts a spell at you. The magic dart hits you.
* * * LOW HITPOINT WARNING * * *
Natasha claws you.
* * * LOW HITPOINT WARNING * * *
You completely miss Natasha.
Natasha is almost dead.
Natasha barely misses you.
Unknown command.
You hit Natasha but do no damage.
Natasha is almost dead.
Natasha barely misses you.
Natasha casts a spell.
You barely miss Natasha.
Natasha is almost dead.
Natasha barely misses you.
Natasha howls an incantation.
Natasha's front paws start to glow.
Natasha claws you!
You die...

#....#.......#.#.............
##....#.......#[#.. ...
................#.. ....
.....#...........###....
........................
......∩.........?.......
........................
...........†......5....#
...........†....@h.....#
.......................#
...........#...........#
.......#......?.........
................#...##..
...............#...# .
.........#....#...#
.......#....#...#


You could see Natasha and a shadow imp (summoned).

Vanquished Creatures
  A worker ant (D:2)
  Natasha (D:2)
  An adder (D:2)
  An ooze (D:1)
  2 worms (D:2)
  A dart slug (D:2)
  A leopard gecko (D:2)
  2 giant cockroaches
  6 hobgoblins (D:1)
  3 jackals (D:1)
  A kobold (D:1)
  3 quokkas
  A ball python (D:2)
  3 bats (D:1)
  2 frilled lizards (D:2)
  4 goblins (D:1)
  5 rats
38 creatures vanquished.

Notes
Turn   | Place    | Note
-------+----------+-------------------------------------------
     0 | D:1      | harryhousin the Ogre Berserker began the quest for the Orb.
     0 | D:1      | Reached XP level 1. HP: 24/24 MP: 1/1
   221 | D:1      | Reached XP level 2. HP: 29/32 MP: 2/2
   557 | D:1      | Reached XP level 3. HP: 4/40 MP: 3/3
  1265 | D:2      | Reached ** piety under Trog
  1525 | D:2      | Reached skill level 5 in Fighting
  1525 | D:2      | Reached XP level 4. HP: 4/50 MP: 4/4
  1956 | D:2      | Found Xaperuma's Antique Weapon Emporium.
  1965 | D:2      | Noticed Natasha
  1976 | D:2      | Killed Natasha
  1994 | D:2      | Noticed Natasha
  2006 | D:2      | Slain by Natasha

Illustrated notes

Levels and vault maps discovered:
D:1:      dpeg_arrival_connections, layout_basic
D:2:      layout_basic, serial_shops, shop, uniq_natasha

Skill      XL: |  1  2  3  4 |
---------------+-------------+-----
Dodging        | 3 |  3.3
Fighting       | 5 |  5.1
Axes           | 4 |  4.2
Stealth        | |  0.2

Action                   |  1- 3 |  4- 6 || total
-------------------------+-------+-------++-------
Melee: Hand axe          |   106 |    35 ||   141
  Use: Potion            |       |     1 ||     1
Armor: Animal skin       |    37 |     7 ||    44
Dodge: Dodged            |    60 |    21 ||    81

Table legend: (Time is in decaauts)
 A = Elapsed time spent in this place.
 B = Non-inter-level travel time spent in this place.
 C = Inter-level travel time spent in this place.
 D = Time resting spent in this place.
 E = Time spent auto-exploring this place.
 F = Levels seen in this place.
 G = Mean time per level.
                   A        B        C        D        E       F      G
               +--------+--------+--------+--------+--------+-----+--------+
         Total |   2044 |   2029 |     15 |    404 |   1184 |   2 | 1022.0 |
       Dungeon |   2044 |   2029 |     15 |    404 |   1184 |   2 | 1022.0 |
               +--------+--------+--------+--------+--------+-----+--------+

Top non-repeatable levels by time:
     D:1: 1267 daAuts
     D:2: 776 daAuts
